 Dungeon Crawl Stone Soup version 0.32-a0-312-g1d7162e751 (webtiles) character file.

Game seed: 2508671824898901566

741 Essalna the Magician (level 7, -1/36 HPs)
             Began as a Deep Elf Air Elementalist on Feb 15, 2024.
             Slain by Edmund
             ... wielding a +1 dire flail of holy wrath
              (6 damage)
             ... on level 4 of the Dungeon.
             The game lasted 00:10:11 (3948 turns).

Essalna the Magician (Deep Elf Air Elementalist)    Turns: 3948, Time: 00:10:11

Health: -1/36      AC:  4    Str:  5    XL:     7   Next: 47%
Magic:  18/19      EV: 12    Int: 22    God:
Gold:   266        SH:  0    Dex: 15    Spells: 19/20 levels left

rFire   . . .        i - +1 dagger (venom)
rCold   + . .        (no shield)
rNeg    . . .        a - +1 robe
rPois   .            (no helmet)
rElec   .            (no cloak)
rCorr   .            t - +0 pair of gloves of Jautom {rC+}
SInv    .            (no boots)
Will    +....        f - amulet of magic regeneration
Stlth   ++           h - ring of willpower
HPRegen 0.26/turn    (no ring)
MPRegen 0.56/turn

%: no passive effects
@: no status effects
A: no striking features
a: no special abilities


You were on level 4 of the Dungeon.
You visited 1 branch of the dungeon, and saw 4 of its levels.
You also visited: Sewer.

You collected 266 gold pieces.

Inventory:

Hand Weapons
 d - a +0 dagger of electrocution
 i - a +1 dagger of venom (weapon)
Armour
 a - a +1 robe (worn)
 t - the +0 pair of gloves of Jautom (worn) {rC+}
   (You found it on level 4 of the Dungeon)

   rC+:       It protects you from cold.
Jewellery
 f - an amulet of magic regeneration (around neck)
 h - a ring of willpower (left hand)
 s - a +6 ring of intelligence
Scrolls
 c - a scroll of teleportation
 j - 3 scrolls of immolation
 n - 4 scrolls of enchant armour
 o - a scroll of blinking
 p - a scroll of identify
 q - a scroll of silence {unknown}
 r - a scroll of poison {unknown}
Potions
 b - a potion of magic
 e - 2 potions of curing
 g - a potion of cancellation {unknown}
 k - a potion of might {unknown}
 l - a potion of resistance {unknown}
 m - 3 potions of mutation {unknown}
 u - a potion of attraction {unknown}


   Skills:
 - Level 2.4 Dodging
 - Level 2.4 Stealth
 - Level 7.0 Spellcasting
 + Level 5.2 Conjurations
 + Level 6.1 Air Magic


You had 19 spell levels left.
You knew the following spells:

 Your Spells              Type           Power      Damage    Failure   Level
a - Shock                 Conj/Air       100%       1d9       1%          1

Your spell library contained the following spells:

 Spells                   Type           Power      Damage    Failure   Level
 Static Discharge         Conj/Air       64%        3-6/arc   1%          2
 Swiftness                Air            34%        N/A       1%          3
 Airstrike                Air            17%        2d(3-19)  6%          4
 Animate Dead             Necr           7%         N/A       63%         4
 Haunt                    Necr/Summ      3%         N/A       100%        7
 Infestation              Necr           3%         N/A       100%        8


Dungeon Overview and Level Annotations

Branches:
Dungeon (4/15)              Sewer (visited)
 Temple: D:4-7

Altars:
Nemelex Xobeh

Annotations:
D:4 Edmund


Message History

Edmund is heavily wounded.
The zap hits Edmund.
Edmund is heavily wounded.
The zap hits Edmund.
Edmund is heavily wounded.
Edmund hits you with a +1 dire flail of holy wrath!
Edmund attacks as he pursues you! Edmund completely misses you.
You see here a scroll of immolation.
Edmund attacks as he pursues you!
Edmund hits you with a +1 dire flail of holy wrath!
Casting: Shock (safe; 1% risk of failure)
Confirm with . or Enter, or press ? or * to list all spells.
Aiming: Shock (safe; 1% risk of failure)
Press: ? - help, Shift-Dir - straight line, f/p - Edmund
Aim: Edmund, wielding a +1 dire flail of holy wrath and wearing a +0 scale mail (heavily wounded, 77% to hit)
The zap hits Edmund!
Edmund is severely wounded.
The zap misses Edmund.
Edmund hits you with a +1 dire flail of holy wrath!
Casting: Shock (safe; 1% risk of failure)
Confirm with . or Enter, or press ? or * to list all spells.
Aiming: Shock (safe; 1% risk of failure)
Press: ? - help, Shift-Dir - straight line, f/p - Edmund
Aim: Edmund, wielding a +1 dire flail of holy wrath and wearing a +0 scale mail (severely wounded, 77% to hit)
The zap hits Edmund but does no damage.
Edmund is severely wounded.
The zap hits Edmund.
Edmund is severely wounded.
Edmund hits you with a +1 dire flail of holy wrath!
* * * LOW HITPOINT WARNING * * *
Casting: Shock (safe; 1% risk of failure)
Confirm with . or Enter, or press ? or * to list all spells.
Aiming: Shock (safe; 1% risk of failure)
Press: ? - help, Shift-Dir - straight line, f/p - Edmund
Aim: Edmund, wielding a +1 dire flail of holy wrath and wearing a +0 scale mail (severely wounded, 77% to hit)
The zap misses Edmund.
The zap hits Edmund.
Edmund is almost dead.
Edmund hits you with a +1 dire flail of holy wrath.
You die...
Edmund says, "That'll show my brother!"

...gf.##
#.....#
..###..##
#.....# ##.
##..##
#.....# ..
##..#
#.....# ##.
#.ß#
###.....#
g$.h#..#
#.?######
.⌠g§#..#
#..#
##..#.ß#
#<@# # ##).#
#.@# ##
##..##
#..######
.####..##
###.....#
......##
#.....#
#...###
#.....#
)####...
#.....#
......#
#.....#
#######
######.....#
......#
#.....######


You could see Edmund.

Vanquished Creatures
  A sky beast (D:4)
  An ogre (D:4)
  A phantom (D:4)
  2 bullfrogs (Sewer)
  A hound (D:4)
  A jelly (D:4)
  A sleepcap (D:4)
  3 gnolls (D:3)
  3 river rats (D:3)
  2 adders
  2 ufetubi (D:3)
  7 dart slugs
  4 ribbon worms
  An orc (D:4)
  4 bats
  3 endoplasms
  14 giant cockroaches
  7 goblins
  8 hobgoblins
  4 jackals (D:4)
  4 quokkas
  13 ball pythons
  7 frilled lizards
  7 kobolds
  6 rats
107 creatures vanquished.

Notes
Turn   | Place    | Note
-------+----------+-------------------------------------------
     0 | D:1      | Essalna the Deep Elf Air Elementalist began the quest for
                  | the Orb.
     0 | D:1      | Reached XP level 1. HP: 10/10 MP: 6/6
   211 | D:1      | Reached XP level 2. HP: 15/15 MP: 4/8
   600 | D:1      | Reached XP level 3. HP: 19/19 MP: 8/10
   965 | D:2      | Reached skill level 4 in Spellcasting
  1669 | D:3      | Reached XP level 4. HP: 24/24 MP: 7/12
  1879 | D:3      | Found a glowing drain.
  1885 | Sewer    | Entered a sewer
  1893 | Sewer    | Reached XP level 5. HP: 26/28 MP: 11/14
  1987 | Sewer    | Reached skill level 5 in Spellcasting
  2137 | Sewer    | Reached skill level 5 in Air Magic
  2137 | Sewer    | Reached XP level 6. HP: 22/32 MP: 11/16
  2770 | D:3      | Found a sparkling altar of Nemelex Xobeh.
  2898 | D:4      | Noticed Edmund
  3083 | D:4      | Reached skill level 6 in Spellcasting
  3164 | D:4      | Identified the +0 pair of gloves of Jautom {rC+}
  3322 | D:4      | Reached XP level 7. HP: 32/36 MP: 13/18
  3723 | D:4      | Reached skill level 5 in Conjurations
  3845 | D:4      | Reached skill level 7 in Spellcasting
  3948 | D:4      | Slain by Edmund

Illustrated notes

Levels and vault maps discovered:
D:1:      psy_arrival_radial01, layout_loops_ring, minmay_misc_feat_roman
D:2:      layout_loops_ring
D:3:      layout_loops_ring, nemelex_xobeh_ov_fountains_minmay,
          lightli_sewer_entry_pipes
D:4:      layout_gridville, serial_glass, glass_columns_a, glass_columns_a,
          glass_columns_a, glass_columns_a, glass_columns_c, glass_columns_a,
          due_unseen_surprise, feat_on_display, minmay_strange_pillars,
          nzn_random_ring, uniq_edmund

Skill      XL: |  1  2  3  4  5  6  7 |
---------------+----------------------+-----
Conjurations   | 2 3 4 5 |  5.2
Spellcasting   | 4 5 6 7 |  7.0
Air Magic      | 4 5 6 |  6.1
Dodging        | |  2.4
Stealth        | |  2.4

Action                     |  1- 3 |  4- 6 |  7- 9 || total
---------------------------+-------+-------+-------++-------
  Melee: Dagger            |       |     4 |    13 ||    17
   Cast: Shock             |    68 |   155 |    38 ||   261
    Use: Scroll            |     3 |     2 |     1 ||     6
         Potion            |       |     3 |       ||     3
 Armour: Robe              |     9 |    32 |    24 ||    65
  Dodge: Dodged            |    13 |    28 |    11 ||    52

Table legend: (Time is in decaauts)
 A = Elapsed time spent in this place.
 B = Non-inter-level travel time spent in this place.
 C = Inter-level travel time spent in this place.
 D = Time resting spent in this place.
 E = Time spent auto-exploring this place.
 F = Levels seen in this place.
 G = Mean time per level.
                   A        B        C        D        E       F      G
               +--------+--------+--------+--------+--------+-----+--------+
         Total |   4054 |   3707 |    347 |      0 |   3135 |   5 |  810.8 |
       Dungeon |   3458 |   3111 |    347 |      0 |   2650 |   4 |  864.5 |
         Sewer |    596 |    596 |      0 |      0 |    485 |   1 |  596.0 |
               +--------+--------+--------+--------+--------+-----+--------+

Top non-repeatable levels by time:
     D:4: 1034 daAuts
     D:1: 955 daAuts
     D:3: 799 daAuts
     D:2: 668 daAuts
   Sewer: 596 daAuts
